 Dungeon Crawl Stone Soup version 0.21-a0-442-g848f44b (webtiles) character file.

896 tilp the Chopper (level 8, -3/58 HPs)
             Began as a Human Fighter on Nov 13, 2017.
             Slain by an ogre
             ... wielding a +0 giant spiked club
              (16 damage)
             ... on level 5 of the Dungeon.
             The game lasted 00:11:58 (4595 turns).

tilp the Chopper (Human Fighter)                    Turns: 4595, Time: 00:11:59

Health: -3/58      AC:  9    Str: 18    XL:     8   Next: 27%
Magic:  8/8        EV:  3    Int: 10    God:
Gold:   216        SH: 14    Dex: 12    Spells: 7/7 levels left

rFire    . . .     SeeInvis .   a - +0 war axe
rCold    . . .     Gourm    .   g - +0 large shield
rNeg     . . .     Faith    .   x - +0 chain mail
rPois    .         Spirit   .   (no helmet)
rElec    .         Reflect  .   (no cloak)
rCorr    .         Harm     .   (no gloves)
MR       .....                  (no boots)
Stlth    ..........             (no amulet)
HPRegen  0.19/turn              (no ring)
MPRegen  0.11/turn              (no ring)

@: no status effects
A: no striking features
a: no special abilities


You were on level 5 of the Dungeon.
You were hungry.

You visited 1 branch of the dungeon, and saw 5 of its levels.

You collected 216 gold pieces.

Inventory:

Hand Weapons
 a - a +0 war axe (weapon)
Missiles
 h - 28 stones (quivered)
Armour
 b - a +0 scale mail
 c - a +0 shield
 g - a +0 large shield (worn)
 x - a +0 chain mail (worn)
Wands
 r - a wand of digging (0/24)
 s - a wand of lightning (0/15)
 w - a wand of enslavement (19/24)
Scrolls
 e - 4 scrolls of identify
 m - a scroll of enchant weapon {unknown}
 p - a scroll of magic mapping {unknown}
 t - a scroll of blinking {unknown}
 v - a scroll of teleportation {unknown}
Potions
 d - a potion of might
 i - 2 potions of magic
 j - 2 potions of curing
 l - a potion of brilliance
 n - 2 potions of heal wounds
 u - a potion of mutation
Comestibles
 f - 3 bread rations
 k - a royal jelly
 o - 2 fruits


   Skills:
 - Level 3.0 Fighting
 * Level 7.9 Axes
 - Level 3.0 Armour
 + Level 5.4 Shields


You had 7 spell levels left.
You didn't know any spells.

Dungeon Overview and Level Annotations

Branches:
Dungeon (5/15)
 Temple: D:4-7

Altars:
Ashenzari
Cheibriados
Qazlal
Xom
Zin
The Shining One


Message History

The ogre hits you with a giant spiked club.
Your shield prevents you from hitting the ogre.
The ogre is severely wounded.
You hit the ogre.
The ogre is severely wounded.
You block the ogre's attack.
Your shield and chain mail prevent you from hitting the ogre.
The ogre is severely wounded.
The ogre hits you with a giant spiked club!
* * * LOW HITPOINT WARNING * * *
Aiming: Lightning Bolt (will waste charges)
Press: ? - help, Shift-Dir - straight line, f/p - ogre
Aim: an ogre, wielding a giant spiked club (severely wounded)
You hear a mighty clap of thunder!
The bolt of lightning hits the ogre.
The ogre is severely wounded.
Evoking this partially-identified wand wasted a few charges.
You hear a shout! x4
The ogre hits you with a giant spiked club!
You die...

.# .## .#
#... .#..(.
.#(.# .(.
#####(# .
#....(# .o.
#.#)###..##
#@O.......#
####......#
.........
#####.#...
.=... ####


You could see an ogre.

Vanquished Creatures
  The ghost of Qupu the Changer, a novice VSTm (D:4)
  The ghost of Qupu the Gusty, an amateur TeAE (D:3)
  2 hounds (D:4)
  An orc priest (D:4)
  4 orc wizards
  An iguana (D:4)
  Ijyb (D:3)
  6 adders
  An ooze (D:2)
  A worm (D:2)
  2 dart slugs
  2 leopard geckos (D:2)
  11 orcs
  3 bats
  8 giant cockroaches
  11 goblins
  5 hobgoblins
  13 jackals
  7 kobolds
  9 frilled lizards
  13 rats
103 creatures vanquished.

Vanquished Creatures (others)
  An orc wizard (D:4)
1 creature vanquished.

Grand Total: 104 creatures vanquished

Notes
Turn   | Place    | Note
-------+----------+-------------------------------------------
     0 | D:1      | tilp the Human Fighter began the quest for the Orb.
     0 | D:1      | Reached XP level 1. HP: 18/18 MP: 1/1
    14 | D:1      | Reached XP level 2. HP: 21/24 MP: 2/2
    87 | D:1      | Reached skill level 3 in Axes
   105 | D:1      | HP: 1/24 [kobold/short sword (2)]
   418 | D:1      | Reached XP level 3. HP: 29/29 MP: 3/3
   839 | D:2      | Reached skill level 4 in Axes
   839 | D:2      | Reached XP level 4. HP: 17/35 MP: 4/4
  1213 | D:2      | Found a shimmering altar of Xom.
  1213 | D:2      | Found a glowing silver altar of Zin.
  1214 | D:2      | Noticed an angel
  1719 | D:3      | Reached XP level 5. HP: 35/41 MP: 5/5
  1900 | D:3      | Noticed Qupu's ghost (amateur TeAE)
  1930 | D:3      | Killed Qupu's ghost
  1930 | D:3      | Reached skill level 5 in Axes
  1930 | D:3      | Reached XP level 6. HP: 13/47 MP: 6/6
  2334 | D:3      | Found a glowing golden altar of the Shining One.
  2344 | D:3      | Found a snail-covered altar of Cheibriados.
  2344 | D:3      | Found a shattered altar of Ashenzari.
  2664 | D:3      | Found a stormy altar of Qazlal.
  2828 | D:4      | Noticed Qupu's ghost (novice VSTm)
  2945 | D:4      | Reached skill level 6 in Axes
  3030 | D:4      | Noticed Ijyb
  3047 | D:4      | Reached XP level 7. HP: 30/52 MP: 7/7
  3075 | D:3      | Killed Ijyb
  4337 | D:4      | Killed Qupu's ghost
  4337 | D:4      | Reached skill level 7 in Axes
  4337 | D:4      | Reached skill level 5 in Shields
  4337 | D:4      | Reached XP level 8. HP: 30/58 MP: 8/8
  4507 | D:5      | Entered Level 5 of the Dungeon
  4595 | D:5      | Slain by an ogre

Vault maps used:
D:1:      grunt_arrival_crossed_arrows, minmay_misc_feat_iff
D:2:      grunt_temple_overflow_order_and_chaos_1, first_bread,
          kennysheep_generic_room_5
D:3:      grunt_temple_overflow_open, minmay_misc_feat_roman
D:4:      uniq_ijyb
D:5:      uniq_sigmund, uniq_grinder

Skill      XL: |  1  2  3  4  5  6  7 |
---------------+----------------------+-----
Axes           | 3 4 5 6 7 |  7.9
Shields        | 4 5 |  5.4
Fighting       | |  3.0
Armour         | |  3.0

Action                   |  1- 3 |  4- 6 |  7- 9 || total
-------------------------+-------+-------+-------++-------
Melee: War axe           |   127 |   194 |   151 ||   472
Throw: Stone             |     2 |    19 |    16 ||    37
Evoke: Wand              |       |       |     3 ||     3
  Use: Scroll            |       |     4 |     1 ||     5
       Potion            |       |       |     1 ||     1
  Eat: Chunk             |       |     7 |     5 ||    12
Armor: Scale mail        |    58 |    58 |    40 ||   156
       Chain mail        |       |       |    17 ||    17
Dodge: Dodged            |    36 |    44 |    13 ||    93
Block: Shield            |    69 |    10 |       ||    79
       Large shield      |       |   123 |   107 ||   230

Table legend:
 A = Spawn XP
 B = Non-spawn XP
 C = Spawn XP percentage of total XP
 D = Spawn monster count
 E = Non-spawn monster count
 F = Spawn count percentage of total count
 G = Total turns spent on level
                    A         B        C        D         E        F      G
               +---------+---------+-------+---------+---------+-------+---------
         Total |       0 |    1280 |   0.0 |       0 |     104 |   0.0 |  4595
               +---------+---------+-------+---------+---------+-------+---------
           D:1 |       0 |      55 |   0.0 |       0 |      31 |   0.0 |   770
           D:2 |       0 |      73 |   0.0 |       0 |      22 |   0.0 |   898
           D:3 |       0 |     298 |   0.0 |       0 |      21 |   0.0 |  1432
           D:4 |       0 |     816 |   0.0 |       0 |      28 |   0.0 |  1407
           D:5 |       0 |      38 |   0.0 |       0 |       2 |   0.0 |    88
               +---------+---------+-------+---------+---------+-------+---------
